 Dungeon Crawl Stone Soup version 0.30.1-4-g462c640d31 (webtiles) character file.

Game seed: 1556906202449940728

387673 spardeous the Earth Mage (level 21, -2/152 HPs)
             Began as a Demigod Conjurer on Aug 30, 2023.
             Killed from afar by an ironbound thunderhulk (71 damage)
             ... with a bolt of lightning
             ... on level 3 of the Vaults on Aug 31, 2023.
             The game lasted 03:33:13 (82111 turns).

spardeous the Earth Mage (Demigod Conjurer)        Turns: 82111, Time: 03:33:13

Health: -2/152     AC: 29    Str: 26    XL:     21   Next: 11%
Magic:  41/46      EV: 16    Int: 34    God:
Gold:   414        SH: 27    Dex: 29    Spells: 14/50 levels left

rFire   + + .        e - staff of conjuration
rCold   + . .        G - +7 tower shield {reflect}
rNeg    + . .        U - +4 chain mail {rN+}
rPois   .            X - +2 helmet of Weightlessness {Str+2}
rElec   .            b - +2 cloak
rCorr   .            Z - +2 pair of gloves
SInv    +            l - +1 pair of boots of the Weaver {Will+ SInv Stlth+}
Will    ++++.        v - amulet "Ryepetou" {RegenMP Drain rF+ Will+ Stlth+}
Stlth   ++           C - ring "Daoceu" {Int+6 Dex+6}
HPRegen 0.45/turn    S - ring "Oboudwat" {rC+ Dex+7}
MPRegen 0.70/turn

%: reflection
@: studying Staves
A: high MP 1, forlorn, divine attributes, claws 1, hooves 1, fire resistance 1,
frail 1
}: 2/15 runes: decaying, gossamer
a: no special abilities


You were on level 3 of the Vaults.
You visited 8 branches of the dungeon, and saw 39 of its levels.
You also visited: Sewer, Ossuary, Gauntlet, Ice Cave and Volcano.

You collected 8711 gold pieces.
You spent 8297 gold pieces at shops.

Inventory:

Hand Weapons
 H - the +16 obsidian axe {drain, demonic, Mesm Drain Fly SInv}
   (You found it on level 2 of the Depths)

   Mesm:      Its wielder is mesmerised by any visible foes, and it cannot be
   unequipped while any foes are visible.
   SInv:      It lets you see invisible.
   Fly:       It grants you flight.
   Drain:     It drains your maximum health when unequipped.
 V - a +9 vampiric eveningstar
Armour
 b - a +2 cloak (worn)
 l - the +1 pair of boots of the Weaver (worn) {Will+ SInv Stlth+}
   (You acquired it on level 12 of the Dungeon)

   SInv:      It lets you see invisible.
   Will:      It increases your willpower.
   Stlth:     It makes you more stealthy.
 G - a +7 tower shield of reflection (worn)
 I - the +1 scale mail "Biweff" {rElec}
   (You bought it in a shop on level 2 of the Orcish Mines)

   rElec:     It insulates you from electricity.
 K - a +2 hat of willpower
 U - a +4 chain mail of positive energy (worn)
 X - the +2 helmet of Weightlessness (worn) {Str+2}
   (You bought it in a shop on level 10 of the Dungeon)

   Str:       It affects your strength (+2).
 Z - a +2 pair of gloves (worn)
Magical Staves
 e - a staff of conjuration (weapon)
 n - the staff of conjuration "Ewisyneo" {Int-4 Dex+6}
   (You found it on level 2 of the Depths)

   [staff of conjuration]

   Base accuracy: +5 Base damage: 5 Base attack delay: 1.2 This weapon's minimum
   attack delay (0.6) is reached at skill level 12.
   Int:       It affects your intelligence (-4).
   Dex:       It affects your dexterity (+6).
   It falls into the 'Staves' category.
   It is a one-handed weapon.
 F - a staff of earth
 Y - the staff of cold "Fuunt" {rF++ rC+}
   (You found it in a Gauntlet)

   [staff of cold]

   Base accuracy: +5 Base damage: 5 Base attack delay: 1.2 This weapon's minimum
   attack delay (0.6) is reached at skill level 12.
   rF:        It greatly protects you from fire.
   rC:        It protects you from cold.
   It falls into the 'Staves' category.
   It is a one-handed weapon.
Jewellery
 g - the ring "Jeatik" {Will+ MP+9}
   (You bought it in a shop on level 4 of the Depths)

   [ring of magical power]

   MP:        It affects your magic capacity (+9).
   Will:      It increases your willpower.
 v - the amulet "Ryepetou" (around neck) {RegenMP Drain rF+ Will+ Stlth+}
   (You found it in a Gauntlet)

   [amulet of magic regeneration]

   It increases your rate of magic regeneration.
   rF:        It protects you from fire.
   Drain:     It drains your maximum health when unequipped.
   Will:      It increases your willpower.
   Stlth:     It makes you more stealthy.
 B - the ring of Maarypak {rPois Will+++ Str-4 Dex+6}
   (You took it off a wizard on level 2 of the Depths)

   [ring of dexterity]

   Str:       It affects your strength (-4).
   Dex:       It affects your dexterity (+6).
   rPois:     It protects you from poison.
   Will:      It greatly increases your willpower.
 C - the ring "Daoceu" (left hand) {Int+6 Dex+6}
   (You found it on level 12 of the Dungeon)

   [ring of dexterity]

   Int:       It affects your intelligence (+6).
   Dex:       It affects your dexterity (+6).
 O - an amulet of the acrobat
 P - a ring of flight
 S - the ring "Oboudwat" (right hand) {rC+ Dex+7}
   (You bought it in a shop on level 3 of the Depths)

   [ring of protection from cold]

   Dex:       It affects your dexterity (+7).
   rC:        It protects you from cold.
 T - the ring "Wadaul" {Str+3 Int+2 Dex+6}
   (You bought it in a shop on level 1 of the Elven Halls)

   [ring of dexterity]

   Str:       It affects your strength (+3).
   Int:       It affects your intelligence (+2).
   Dex:       It affects your dexterity (+6).
Wands
 p - a wand of charming (39)
 A - a wand of mindburst (65)
 J - a wand of flame (114)
 N - a wand of roots (25)
 W - a wand of acid (28)
Scrolls
 a - 4 scrolls of immolation
 d - a scroll of enchant armour
 f - 3 scrolls of silence
 h - 26 scrolls of teleportation
 q - 9 scrolls of poison
 s - 2 scrolls of fear
 t - 6 scrolls of blinking
 w - 3 scrolls of brand weapon
 y - 10 scrolls of fog
 D - a scroll of magic mapping
 L - 2 scrolls of torment
 Q - 4 scrolls of summoning
Potions
 c - 8 potions of flight
 i - 5 potions of berserk rage
 j - 6 potions of resistance
 k - 6 potions of cancellation
 m - 6 potions of haste
 o - 16 potions of mutation
 r - 8 potions of might
 u - 4 potions of invisibility
 x - 9 potions of ambrosia
 z - 5 potions of heal wounds
 E - 17 potions of curing
 M - 7 potions of brilliance
Miscellaneous
 R - a lightning rod (4/4)


   Skills:
 - Level 10.4 Fighting
 - Level 1.0(7.8) Axes
 - Level 12.2 Maces & Flails
 - Level 11.0 Armour
 - Level 10.1 Dodging
 - Level 1.7 Stealth
 - Level 10.1 Shields
 - Level 15.0 Spellcasting
 - Level 10.3 Conjurations
 - Level 10.0 Necromancy
 - Level 10.1 Translocations
 - Level 10.8 Transmutations
 + Level 17.0 Earth Magic


You had 14 spell levels left.
You knew the following spells:

 Your Spells              Type           Power      Damage    Failure   Level
a - Magic Dart            Conj           100%       1d8       1%          1
b - Iron Shot             Conj/Erth      54%        9d10      11%         6
c - Iskenderun's Mystic   Conj/Tloc      97%        2d19      2%          4
d - Statue Form           Tmut/Erth      58%        N/A       10%         6
e - Passwall              Tmut/Erth      73%        N/A       1%          2
f - Borgnjor's Vile Clut  Necr/Erth      43%        N/A       1%          5
g - Fulminant Prism       Conj/Hex       37%        3d17      22%         4
h - Vhi's Electric Charg  Tloc/Air       100%       N/A       7%          3
i - Iskenderun's Battles  Conj           97%        2d14      8%          5

Your spell library contained the following spells:

 Spells                   Type           Power      Damage    Failure   Level
 Necrotise                Necr           100%       1d9       1%          1
 Searing Ray              Conj           100%       2d8       1%          2
 Gell's Gravitas          Tloc           76%        N/A       1%          3
 Teleport Other           Tloc           76%        N/A       1%          3
 Vampiric Draining        Necr           76%        2d11      1%          3
 Shock                    Conj/Air       100%       1d9       2%          1
 Sting                    Tmut/Pois      100%       1d8       2%          1
 Animate Dead             Necr           76%        N/A       3%          4
 Dispel Undead            Necr           76%        3d25      3%          4
 Passage of Golubria      Tloc           76%        N/A       3%          4
 Leda's Liquefaction      Hex/Erth       35%        N/A       6%          4
 Dazzling Flash           Conj/Hex       100%       N/A       7%          3
 Cigotuvi's Dreadful Rot  Necr/Pois/Air  96%        N/A       8%          2
 Agony                    Necr           76%        N/A       9%          5
 Mephitic Cloud           Conj/Pois/Air  65%        N/A       14%         3
 Freeze                   Ice            100%       1d10      19%         1
 Ice Form                 Ice/Tmut       58%        N/A       22%         4
 Call Imp                 Summ           50%        N/A       28%         2
 Ensorcelled Hibernation  Hex/Ice        50%        N/A       28%         2
 Poisonous Vapours        Pois/Air       50%        N/A       28%         2
 Dispersal                Tloc           38%        N/A       41%         6
 Death Channel            Necr           38%        N/A       43%         6
 Frozen Ramparts          Ice            50%        1d8       50%         3
 Ozocubu's Armour         Ice            25%        N/A       50%         3
 Swiftness                Air            25%        N/A       50%         3
 Alistair's Intoxication  Tmut/Pois      38%        N/A       52%         5
 Arcjolt                  Conj/Air       37%        1d47      54%         5
 Fireball                 Conj/Fire      37%        3d15      54%         5
 Summon Forest            Summ/Tloc      28%        N/A       54%         5
 Freezing Cloud           Conj/Ice/Air   32%        6-21      78%         5
 Airstrike                Air            12%        2d(2-18)  88%         4
 Olgreb's Toxic Radiance  Pois           25%        N/A       88%         4
 Summon Ice Beast         Ice/Summ       25%        N/A       88%         4
 Orb of Destruction       Conj           48%        9d13      93%         7
 Eringya's Noxious Bog    Tmut/Pois      29%        N/A       97%         6
 Conjure Ball Lightning   Conj/Air       37%        3x3d12    98%         6
 Simulacrum               Ice/Necr       28%        N/A       98%         6
 Silence                  Hex/Air        12%        N/A       99%         5
 Lehudib's Crystal Spear  Conj/Erth      54%        10d13     99%         8
 Plasma Beam              Fire/Air       12%        2x1d26    100%        6
 Ozocubu's Refrigeration  Ice            12%        4d10      100%        7
 Spellforged Servitor     Conj/Summ      37%        N/A       100%        7
 Summon Hydra             Summ           12%        N/A       100%        7
 Death's Door             Necr           38%        N/A       100%        9
 Polar Vortex             Ice            12%        N/A       100%        9
 Shatter                  Erth           48%        3d37*     100%        9


Dungeon Overview and Level Annotations

Branches:
Dungeon (15/15)            Temple (0/1) D:4            Lair (5/5) D:9
  Swamp (4/4) Lair:3       Spider (4/4) Lair:2        Slime (0/5) Lair:5
    Orc (2/2) D:10            Elf (2/3) Orc:2        Vaults (3/5) D:14
 Depths (4/4) D:15            Zot (0/5) Depths:4      Sewer (visited)
Ossuary (visited)           IceCv (visited)         Volcano (visited)
Gauntlet (visited)
  Crypt: Vaults:2-3

Shops:
D:10 [(   D:11 *   D:12 :[?(*:*   Orc:2 *[:(   Elf:1 [(*:=   Vaults:1 ([[
Vaults:2 *(   Depths:1 :   Depths:3 =:=   Depths:4 ((**

Portals:
Hell: Depths:1 Depths:2 Depths:3 Depths:4
Abyss: Depths:1 Depths:3 Depths:4
Pandemonium: Depths:2 Depths:4
Ziggurat: Depths:2

Annotations:
Depths:1 2 transporters


Innate Abilities, Weirdness & Mutations

You have an increased reservoir of magic. (+10% MP)
You shall have no god before yourself.
Your divine heritage dramatically boosts your attributes as you level up.
You have sharp fingernails.
You have large cloven feet.
Your flesh is heat resistant. (rF+)
You are frail. (-10% HP)


Message History

The magic dart hits the ironbound thunderhulk.
The ironbound thunderhulk is severely wounded.
Your battlesphere fires!
The barrage of energy hits the yaktaur!
The yaktaur is heavily wounded.
The yaktaur wields a +0 arbalest.
The yaktaur shoots a bolt.
The bolt closely misses you.
Unknown command.
There are monsters nearby!
Casting: Magic Dart (safe; 1% risk of failure)
Confirm with . or Enter, or press ? or * to list all spells.
Aiming: Magic Dart (safe; 1% risk of failure)
Press: ? - help, Shift-Dir - straight line, f/p - ironbound thunderhulk
Aim: an ironbound thunderhulk, wielding a +0 dire flail and wearing a +0 animal skin (severely wounded, 100% to hit)
You feel a surge of power!
The magic dart hits the ironbound thunderhulk.
The ironbound thunderhulk is almost dead.
Your battlesphere fires!
The barrage of energy hits the yaktaur!
The yaktaur is almost dead.
Unknown command.
You now have 41/46 mp.
Unknown command.
Unknown command.
Unknown command.
There are monsters nearby!
Casting: Magic Dart (safe; 1% risk of failure)
Confirm with . or Enter, or press ? or * to list all spells.
Aiming: Magic Dart (safe; 1% risk of failure)
Press: ? - help, Shift-Dir - straight line, f/p - ironbound thunderhulk
Aim: an ironbound thunderhulk, wielding a +0 dire flail and wearing a +0 animal skin (severely wounded, 100% to hit)
You feel a surge of power!
The magic dart hits the ironbound thunderhulk.
The ironbound thunderhulk is almost dead.
Your battlesphere fires!
The barrage of energy hits the ironbound thunderhulk!
The ironbound thunderhulk is almost dead.
Electricity crackles from the ironbound thunderhulk's apparatus.
The bolt of lightning hits you!!!
You die...

#......)..
#.........
#..*.)....
#......c..
#.........
#....O....
#.........
#.@#########
#..#...#...#
#..#...'...#
#..#...#...#
#..##'###'##
#..#..)#[..#
#..#...))..#
#..#...#)..#
#..##'###+##


You could see an ironbound thunderhulk (ally target), a yaktaur and a friendly
battlesphere.

Vanquished Creatures
  Mara (Depths:2)
  Sojobo (Depths:2)
  Nikola (Swamp:1)
  A bone dragon (Depths:4)
  4 tentacled monstrosities
  4 liches
  2 deep elf blademasters (Elf:2)
  A walking divine tome (Depths:2)
  2 quicksilver dragons
  2 sphinxes
  5 thorn hunters (Swamp:4)
  5 tengu reavers
  Roxanne (Swamp:1)
  Kirke (Swamp:2)
  5 fenstrider witches
  3 storm dragons
  A draconian monk (Depths:4)
  10 fire giants
  An emperor scorpion (Spider:4)
  2 frost giants
  2 deep elf sorcerers
  Louise (Swamp:1)
  A draconian scorcher (Depths:4)
  Aizul (Swamp:2)
  A juggernaut zombie (Depths:3)
  7 vault wardens
  The ghost of Ishowmeat the Executioner, a journeyman MiGl of Okawaru (Depths:1)
  13 very ugly things
  3 ghost moths
  12 ironbound preservers
  5 spriggan defenders (Depths:3)
  A draconian annihilator (Depths:4)
  An orc warlord (Orc:2)
  2 ironbound thunderhulks
  9 stone giants
  A broodmother (Spider:3)
  A reaper (Swamp:4)
  5 eleionomae
  A juggernaut skeleton (Depths:3)
  2 vampire knights
  A black draconian (Depths:4)
  5 spark wasps
  2 green draconians (Depths:4)
  A deep elf demonologist (Elf:2)
  A deep elf annihilator (Vaults:1)
  2 red draconians
  15 dire elephants
  2 white draconians (Depths:4)
  7 bunyips
  A minotaur (Gauntlet)
  Snorg (D:13)
  A blizzard demon (Swamp:4)
  9 ettins
  10 fire dragons
  4 entropy weavers
  A shambling mangrove (Swamp:4)
  Josephine (D:10)
  A deep elf high priest (Elf:1)
  5 yaktaur captains
  4 great orbs of eyes
  3 rakshasas
  A peacekeeper (Vaults:3)
  Fannar (D:11)
  Erolcha (Orc:2)
  8 ice dragons
  A vault guard (Vaults:2)
  12 hydras
  5 spriggan air magi
  4 ghost crabs (Swamp:3)
  14 boulder beetles
  4 jorogumos
  3 ogre magi
  A catoblepas (Gauntlet)
  7 alligators
  5 centaur warriors
  29 dancing weapons
  12 death yaks
  6 death scarabs (Spider:4)
  10 tengu warriors
  12 two-headed ogres
  2 ironbound frosthearts
  4 deep troll earth magi
  4 orc high priests (Orc:2)
  2 vampire magi
  4 deep troll shamans
  3 spriggan berserkers
  Urug (D:11)
  A sun demon (Depths:2)
  12 deep elf knights
  A soul eater (Swamp:4)
  8 large abominations (Depths:4)
  15 hell knights
  5 sixfirhies
  2 skysharks (shapeshifter) (Elf:1)
  7 iron trolls
  A salamander mystic (Depths:1)
  12 pharaoh ants
  3 swamp dragons
  2 obsidian statues (Depths:2)
  5 spriggan druids
  3 glowing orange brains
  2 death drakes (Swamp:4)
  8 goliath frogs
  A storm dragon skeleton (Depths:3)
  4 flayed ghosts
  24 deep trolls
  6 bog bodies
  7 deep elf archers
  8 orb spiders
  A spectral jorogumo (Spider:4)
  7 wizards
  3 phantasmal warriors
  8 steelbarb worms
  4 orc knights (Orc:2)
  5 harpies (Vaults:1)
  11 lindwurms
  2 spectral wolf spiders (Spider:4)
  9 ironbound convokers
  15 deep elf zephyrmancers
  A fire giant zombie (Depths:3)
  8 necromancers
  40 ugly things
  25 deep elf pyromancers
  4 cyclopes
  6 orc sorcerers
  2 oklob plants (Lair:5)
  15 wolf spiders
  A wolf spider zombie (Spider:4)
  6 will-o-the-wisps
  4 moths of wrath
  2 manticores
  3 salamanders (Depths:1)
  A frost giant skeleton (Depths:3)
  2 rust devils (Depths:2)
  7 elephants (Lair:5)
  7 black mambas
  3 molten gargoyles
  2 ice statues (IceCv)
  9 demonic crawlers
  8 vault sentinels
  5 orange demons
  6 torpor snails
  A storm dragon simulacrum (Depths:3)
  8 cane toads
  2 gargoyles (Gauntlet)
  3 spectral redbacks (Spider:4)
  3 unseen horrors (Depths:4)
  2 rime drakes
  Psyche (D:8)
  18 yaktaurs
  A freezing wraith (Vaults:2)
  4 komodo dragons
  6 tengu conjurers
  3 anaconda simulacra (IceCv)
  11 ice devils
  A spark wasp simulacrum (Depths:3)
  A red devil (Depths:2)
  2 bloated husks
  A meliai (shapeshifter) (Vaults:1)
  4 trolls
  3 meliai (Spider:3)
  4 polar bears
  18 tarantellas
  10 tyrant leeches
  2 hellwings
  18 hornets
  2 spectral culicivoras (Spider:4)
  2 spectral jumping spiders (Spider:4)
  A sphinx simulacrum (Depths:3)
  Prince Ribbit (D:5)
  10 dream sheep
  A tarantella zombie (Spider:4)
  A raiju (shapeshifter) (Elf:1)
  5 spectral tarantellas (Spider:4)
  14 blink frogs
  16 jumping spiders
  A culicivora zombie (Spider:4)
  12 slime creatures
  2 air elementals (Elf:1)
  20 culicivoras
  12 spriggans
  A shadow (D:10)
  A vampire (D:9)
  5 dire elephant simulacra (IceCv)
  4 water elementals
  2 fire bats (Volcano)
  A ynoxinul (Depths:2)
  7 wraiths
  46 yaks
  4 wyverns
  2 basilisks
  3 neqoxecs
  4 fire elementals
  6 chaos spawn
  3 hogs (Swamp:2)
  A steam dragon (Lair:2)
  A redback (shapeshifter) (Vaults:2)
  9 vampire mosquitoes
  Edmund (D:4)
  A harpy simulacrum (IceCv)
  2 wargs (Orc:1)
  59 redbacks
  23 swamp worms
  3 acid dragons
  3 small abominations (Depths:4)
  A floating eye (Depths:2)
  A hydra simulacrum (IceCv)
  8 water moccasins
  Duvessa (D:4)
  A black bear (shapeshifter) (Depths:2)
  An ice beast (D:8)
  30 orc warriors
  An ice beast (shapeshifter) (Spider:3)
  6 swamp drakes
  2 black bears
  3 sky beasts
  12 centaurs
  6 ogres
  The ghost of Whoops the Trooper, an amateur DsFi (D:3)
  A phantom (D:6)
  15 bullfrogs
  3 elf zombies (Ossuary)
  5 kobold brigands
  4 earth elementals
  10 scorpions
  2 two-headed ogre simulacra (D:13)
  2 gnoll sergeants
  8 wights
  Dowan (D:4)
  5 killer bees (D:10)
  An elephant simulacrum (D:13)
  5 electric eels
  2 howler monkeys
  7 centaur zombies (Ossuary)
  6 lava snakes (Volcano)
  2 hounds
  4 quasits (D:4)
  A jelly (D:4)
  2 gnoll boudas
  2 human zombies (Ossuary)
  24 orc priests
  3 sleepcaps
  2 iguanas
  31 orc wizards
  A troll simulacrum (D:13)
  2 spriggan simulacra (IceCv)
  2 wolf simulacra
  3 mummies (Ossuary)
  Robin (D:4)
  17 gnolls
  10 adders
  2 river rats (Sewer)
  3 naga simulacra (D:13)
  4 white imps
  An ufetubus (D:6)
  5 worms
  2 dart slugs
  69 orcs
  12 ball pythons
  8 bats
  5 endoplasms
  5 giant cockroaches
  14 goblins
  10 hobgoblins
  3 jackals
  A quokka (D:1)
  8 frilled lizards
  14 kobolds
  10 rats
1578 creatures vanquished.

Vanquished Creatures (others)
  A vampire knight (Depths:4)
  2 spriggans (Swamp:2)
  An orange demon (Depths:2)
  2 bloated husks (Swamp:2)
  2 hornets (Swamp:2)
  A tarantella (Spider:3)
  16 foxfires
  53 fulminant prisms
78 creatures vanquished.

Grand Total: 1656 creatures vanquished

Notes
Turn   | Place    | Note
-------+----------+-------------------------------------------
     0 | D:1      | spardeous the Demigod Conjurer began the quest for the Orb.
     0 | D:1      | Reached XP level 1. HP: 14/14 MP: 5/5
   392 | D:1      | Reached XP level 2. HP: 20/20 MP: 5/7
  1325 | D:2      | You fall into a shaft and drop 1 floor!
  1356 | D:3      | Learned a level 2 spell: Searing Ray
  1389 | D:3      | Found a runed translucent door.
  1391 | D:3      | Noticed Whoops's ghost (amateur DsFi)
  1611 | D:3      | Reached XP level 3. HP: 26/26 MP: 6/9
  1642 | D:3      | Reached XP level 4. HP: 7/33 MP: 7/11
  1947 | D:3      | Found a glowing drain.
  1952 | Sewer    | Entered a sewer
  1984 | Sewer    | Noticed a kobold brigand
  2085 | Sewer    | Killed a kobold brigand
  2086 | Sewer    | Reached skill level 5 in Conjurations
  2086 | Sewer    | Reached XP level 5. HP: 32/38 MP: 4/13
  2392 | Sewer    | Reached XP level 6. HP: 8/45 MP: 3/15
  2760 | Sewer    | Learned a level 4 spell: Iskenderun's Mystic Blast
  3745 | D:4      | Noticed Dowan
  3745 | D:4      | Noticed Duvessa
  3834 | D:4      | Identified the +1 leather armour of Pathos {Drain rElec
                  | rPois rF+}
  3916 | D:4      | Killed Duvessa
  3928 | D:4      | Killed Dowan
  3929 | D:4      | Reached skill level 5 in Spellcasting
  3929 | D:4      | Reached XP level 7. HP: 39/50 MP: 10/17
  3941 | D:4      | Found a staircase to the Ecumenical Temple.
  3964 | D:4      | Found a sand-covered staircase.
  3982 | Ossuary  | Entered an ossuary
  4212 | Ossuary  | Reached skill level 1 in Translocations
  4508 | Ossuary  | Reached XP level 8. HP: 57/57 MP: 7/19
  4723 | D:4      | Noticed Edmund
  4744 | D:4      | Killed Edmund
  4924 | D:4      | Noticed Robin
  4928 | D:4      | Killed Robin
  5491 | D:4      | Reached skill level 5 in Translocations
  5688 | D:4      | Found a staircase to the Ecumenical Temple.
  6349 | D:3      | Killed Whoops's ghost
  7208 | D:2      | Identified the +4 barding of the Present {rPois Int+2
                  | Slay+3 Stlth+}
  7340 | D:5      | Entered Level 5 of the Dungeon
  7346 | D:5      | Learned a level 4 spell: Fulminant Prism
  8358 | D:5      | Noticed Prince Ribbit
  8366 | D:5      | Killed Prince Ribbit
  8868 | D:6      | Reached XP level 9. HP: 62/62 MP: 9/22
 10187 | D:7      | Identified the +1 leather armour of Objectivity {Regen+
                  | Dex+5 Stlth-}
 11964 | D:8      | Noticed Psyche
 11986 | D:8      | Gained mutation: You have large cloven feet. [potion of
                  | mutation]
 11986 | D:8      | Gained mutation: You are frail. (-10% HP) [potion of
                  | mutation]
 11986 | D:8      | Gained mutation: You have sharp fingernails. [potion of
                  | mutation]
 11986 | D:8      | Gained mutation: Your flesh is heat resistant. (rF+)
                  | [potion of mutation]
 12118 | D:8      | Killed Psyche
 12678 | D:9      | Noticed a komodo dragon
 12693 | D:9      | Killed a komodo dragon
 12694 | D:9      | Reached XP level 10. HP: 54/62 MP: 2/26
 13058 | D:9      | Reached skill level 10 in Conjurations
 13432 | D:9      | Noticed a boulder beetle
 13704 | D:9      | Found a staircase to the Lair.
 14319 | D:10     | Entered Level 10 of the Dungeon
 15523 | D:10     | Found Guecesaz's Armour Emporium.
 15527 | D:10     | Found a staircase to the Orcish Mines.
 15534 | D:10     | Identified a scroll of acquirement
 15536 | D:10     | Bought the +2 helmet of Weightlessness {Str+2} for 411 gold
                  | pieces
 15680 | D:10     | Found Inadab's Weapon Shoppe.
 15744 | D:10     | Reached skill level 10 in Spellcasting
 15745 | D:10     | Reached XP level 11. HP: 40/66 MP: 13/29
 15838 | D:10     | Noticed Josephine
 16048 | D:10     | Killed Josephine
 16519 | D:11     | Noticed a two-headed ogre
 16533 | D:11     | Killed a two-headed ogre
 16539 | D:11     | Found a gate leading to a gauntlet.
 16624 | Gauntlet | Entered a Gauntlet
 16624 | Gauntlet | Found a transporter.
 16632 | Gauntlet | Found a transporter.
 16648 | Gauntlet | Found a transporter.
 16652 | Gauntlet | Found a transporter.
 16654 | Gauntlet | Noticed a catoblepas
 16672 | Gauntlet | Found a transporter.
 16683 | Gauntlet | Noticed a glowing orange brain
 16685 | Gauntlet | Found a transporter.
 16688 | Gauntlet | Noticed a glowing orange brain
 16694 | Gauntlet | Noticed a death yak
 16694 | Gauntlet | Noticed a death yak
 16695 | Gauntlet | Noticed a death yak
 16695 | Gauntlet | Noticed a death yak
 16698 | Gauntlet | Found a transporter.
 16720 | Gauntlet | Found a transporter.
 16722 | Gauntlet | Found a transporter.
 16723 | Gauntlet | Noticed a green death
 16730 | Gauntlet | Found a transporter.
 16753 | Gauntlet | Found a transporter.
 16754 | Gauntlet | Noticed an obsidian statue
 16757 | Gauntlet | Found a transporter.
 16825 | Gauntlet | Acquired a staff of conjuration
 16838 | Gauntlet | Learned a level 5 spell: Iskenderun's Battlesphere
 16901 | Gauntlet | Identified the amulet "Ryepetou" {RegenMP Drain rF+ Will+
                  | Stlth+}
 16951 | Gauntlet | Killed a catoblepas
 16980 | Gauntlet | Identified the +0 cloak "Toboaff" {Rampage}
 17075 | Gauntlet | Noticed a minotaur
 17089 | Gauntlet | Killed a minotaur
 17099 | Gauntlet | Identified the staff of cold "Fuunt" {rF++ rC+}
 17100 | Gauntlet | Got the Tome of Black Spells
 17251 | D:11     | Found Casiar's General Store.
 17318 | D:11     | Noticed Urug
 17336 | D:11     | Noticed Fannar
 17342 | D:11     | Reached skill level 1 in Armour
 17582 | D:11     | Killed Urug
 17650 | D:11     | Killed Fannar
 18049 | D:12     | Noticed a lindwurm
 18053 | D:12     | Noticed a lindwurm
 18055 | D:12     | Noticed a lindwurm
 18069 | D:12     | Noticed a lindwurm
 18127 | D:12     | Killed a lindwurm
 18128 | D:12     | Reached skill level 5 in Armour
 18128 | D:12     | Reached XP level 12. HP: 60/72 MP: 23/32
 18381 | D:12     | Found Sithowec's Changing Room.
 18425 | D:12     | Found Vaehoj's Book Emporium.
 18427 | D:12     | Found Onesmorph's Magic Scroll Shoppe.
 18428 | D:12     | Found Gieclur's Antique Armour Shop.
 18428 | D:12     | Found Olijium's Weapon Boutique.
 18429 | D:12     | Found Qozoru's General Store.
 18429 | D:12     | Found Upuk Argh's Book Emporium.
 18437 | D:12     | Bought a scroll of identify for 24 gold pieces
 18437 | D:12     | Bought a scroll of identify for 24 gold pieces
 18621 | D:12     | Identified the ring "Daoceu" {Int+6 Dex+6}
 19115 | D:13     | Found a frozen archway.
 19198 | IceCv    | Entered an ice cave
 19219 | IceCv    | Reached skill level 1 in Fighting
 19755 | IceCv    | Reached skill level 5 in Fighting
 20409 | D:13     | Noticed a centaur warrior
 20423 | D:13     | Killed a centaur warrior
 20431 | D:13     | Noticed Snorg
 20562 | D:13     | Killed Snorg
 20860 | D:13     | Noticed a six-headed hydra
 20891 | D:13     | Killed a six-headed hydra
 20892 | D:13     | Reached XP level 13. HP: 91/91 MP: 9/33
 21208 | Lair:1   | Entered Level 1 of the Lair of Beasts
 22306 | Lair:2   | Reached skill level 5 in Dodging
 22553 | Lair:2   | Found a hole to the Spider Nest.
 22670 | Lair:2   | Reached skill level 1 in Shields
 23610 | Lair:3   | Reached skill level 5 in Shields
 23841 | Lair:3   | Found a staircase to the Swamp.
 25754 | Lair:5   | Entered Level 5 of the Lair of Beasts
 25830 | Lair:5   | Reached XP level 14. HP: 92/99 MP: 20/34
 25937 | Lair:5   | Found a staircase to the Slime Pits.
 26370 | Lair:5   | Found a runed translucent door.
 26399 | Lair:5   | Reached skill level 10 in Shields
 26575 | Lair:5   | Reached skill level 10 in Armour
 27663 | Lair:5   | Reached skill level 10 in Translocations
 28429 | Lair:5   | Found a staircase to the Slime Pits.
 30526 | Lair:3   | Found a staircase to the Swamp.
 31808 | D:9      | Reached skill level 1 in Earth Magic
 33167 | D:4      | Learned a level 2 spell: Passwall
 33949 | D:14     | Reached skill level 2 in Earth Magic
 34132 | D:14     | Reached skill level 3 in Earth Magic
 34229 | D:14     | Reached skill level 4 in Earth Magic
 34345 | D:14     | Reached skill level 5 in Earth Magic
 34491 | D:14     | Found a gate to the Vaults.
 34776 | D:15     | Entered Level 15 of the Dungeon
 34830 | D:15     | Reached skill level 6 in Earth Magic
 34882 | D:15     | Learned a level 6 spell: Iron Shot
 35120 | D:15     | Reached XP level 15. HP: 103/103 MP: 24/35
 35182 | D:15     | Reached skill level 1 in Transmutations
 35429 | D:15     | Found a staircase to the Depths.
 36164 | D:15     | Reached skill level 5 in Transmutations
 36654 | D:15     | Found a staircase to the Depths.
 37012 | Orc:1    | Entered Level 1 of the Orcish Mines
 37130 | Orc:1    | Found a dark tunnel.
 37148 | Orc:1    | Acquired 548 gold pieces
 37156 | Volcano  | Entered a volcano
 37482 | Volcano  | Reached skill level 7 in Earth Magic
 38215 | Orc:2    | Entered Level 2 of the Orcish Mines
 38278 | Orc:2    | Found a staircase to the Elven Halls.
 38633 | Orc:2    | Noticed Erolcha
 38638 | Orc:2    | Killed Erolcha
 39261 | Orc:2    | Found Emuuqer's General Store.
 39262 | Orc:2    | Found Orghenupto's Book Boutique.
 39264 | Orc:2    | Found Pifir Jilia's Antique Armour Boutique.
 39264 | Orc:2    | Found Yluogomm's Antique Weapon Shop.
 39340 | Orc:2    | Bought a dyed leather armour for 120 gold pieces
 39340 | Orc:2    | Bought a bloodstained scale mail for 216 gold pieces
 39340 | Orc:2    | Identified the +1 scale mail "Biweff" {rElec} (You bought
                  | it in a shop on level 2 of the Orcish Mines)
 40562 | D:12     | Bought a scroll of acquirement for 884 gold pieces
 40562 | D:12     | Acquired the +1 pair of boots of the Weaver {Will+ SInv
                  | Stlth+}
 40658 | Elf:1    | Entered Level 1 of the Elven Halls
 40904 | Elf:1    | Found Zucwoyxo's General Store.
 41103 | Elf:1    | Found Usydyuho's Jewellery Boutique.
 41524 | Elf:1    | Found Feysicuk's Antique Armour Boutique.
 41747 | Elf:1    | Found Issimoz's Antique Weapon Shoppe.
 41792 | Elf:1    | Found Vufa Nue's Book Emporium.
 42188 | Elf:2    | Reached XP level 16. HP: 118/119 MP: 19/38
 42295 | Elf:2    | Noticed a Tzitzimitl
 42297 | Elf:2    | Reached skill level 10 in Fighting
 42683 | Elf:2    | Noticed a deep elf blademaster
 42684 | Elf:2    | Noticed a deep elf blademaster
 42914 | Elf:2    | Killed a deep elf blademaster
 43007 | Elf:2    | Killed a deep elf blademaster
 43774 | Elf:2    | Found a runed translucent gate.
 43774 | Elf:2    | Found a runed translucent gate.
 43774 | Elf:2    | Found a runed translucent gate.
 45628 | Spider:1 | Entered Level 1 of the Spider Nest
 45647 | Spider:1 | Reached skill level 10 in Dodging
 48525 | Spider:2 | Reached XP level 17. HP: 119/126 MP: 3/40
 48647 | Spider:3 | Reached skill level 8 in Earth Magic
 49181 | Spider:4 | Entered Level 4 of the Spider Nest
 49720 | D:12     | Bought Great Wizards, Vol. II for 418 gold pieces
 49726 | D:12     | Learned a level 5 spell: Borgnjor's Vile Clutch
 50487 | Spider:3 | Reached skill level 1 in Necromancy
 50660 | Spider:3 | Identified the +5 glaive of Righteous Anger {heavy,
                  | *Corrode rPois MP+9}
 51900 | Swamp:1  | Entered Level 1 of the Swamp
 52228 | Elf:1    | Bought the ring "Wadaul" {Str+3 Int+2 Dex+6} for 642 gold
                  | pieces
 52620 | Swamp:1  | Noticed Louise
 52628 | Swamp:1  | Killed Louise
 52630 | Swamp:1  | Noticed Nikola
 52796 | Swamp:1  | Reached skill level 5 in Necromancy
 52850 | Swamp:1  | Killed Nikola
 53110 | Swamp:1  | Identified Roxanne's Handbook of the Hierophant
 53110 | Swamp:1  | Noticed Roxanne
 53476 | Swamp:1  | Killed Roxanne
 53477 | Swamp:1  | Reached skill level 9 in Earth Magic
 53651 | Swamp:2  | Noticed Kirke
 54168 | Swamp:2  | Noticed Aizul
 54182 | Swamp:2  | Killed Aizul
 54183 | Swamp:2  | Reached skill level 10 in Earth Magic
 54453 | Swamp:2  | Reached skill level 1 in Maces & Flails
 54654 | Swamp:2  | Killed Kirke
 55169 | Swamp:3  | Identified the +11 falchion of the Tomato {vamp, Stlth+}
 55895 | Swamp:4  | Entered Level 4 of the Swamp
 55906 | Swamp:4  | Reached skill level 5 in Maces & Flails
 56738 | Swamp:4  | Reached XP level 18. HP: 134/134 MP: 34/41
 57285 | Swamp:4  | Noticed a tentacled monstrosity
 57297 | Swamp:4  | Killed a tentacled monstrosity
 57717 | Swamp:4  | Noticed a tentacled monstrosity
 57740 | Swamp:4  | Killed a tentacled monstrosity
 58066 | Swamp:4  | Got a decaying rune of Zot
 59017 | Spider:4 | Reached skill level 10 in Maces & Flails
 61798 | Spider:4 | Got a gossamer rune of Zot
 62670 | Depths:1 | Entered Level 1 of the Depths
 63307 | Depths:1 | Learned a level 6 spell: Statue Form
 63312 | Depths:1 | Learned a level 4 spell: Fulminant Prism
 63316 | Depths:1 | Learned a level 3 spell: Vhi's Electric Charge
 63530 | Depths:1 | Found a large runed translucent door.
 63532 | Depths:1 | Found a large runed translucent door.
 63534 | Depths:1 | Noticed Ishowmeat's ghost (journeyman MiGl)
 63548 | Depths:1 | Found a transporter.
 63685 | Depths:1 | Found a one-way gate to the infinite horrors of the Abyss.
 64095 | Depths:1 | Found a transporter.
 64272 | Depths:1 | Found Adghudgh's Book Shop.
 64473 | Depths:1 | Found a gateway to Hell.
 64607 | Depths:1 | Killed Ishowmeat's ghost
 65052 | Depths:2 | Reached XP level 19. HP: 140/140 MP: 24/42
 65721 | Depths:2 | Found a one-way gate leading to the halls of Pandemonium.
 65756 | Depths:2 | Noticed Mara
 65759 | Depths:2 | Noticed spardeous's illusion
 66147 | Depths:2 | Reached skill level 10 in Necromancy
 66162 | Depths:2 | Noticed Sojobo
 66378 | Depths:2 | Paralysed by an air elemental for 1 turns
 66968 | Depths:2 | Reached skill level 10 in Transmutations
 67205 | Depths:2 | Paralysed by an air elemental for 1 turns
 67206 | Depths:2 | Killed Sojobo
 67703 | Depths:2 | Found a one-way gateway to a ziggurat.
 68566 | Depths:2 | Identified the ring of Maarypak {rPois Will+++ Str-4 Dex+6}
 68648 | Depths:2 | Identified the +1 scale mail of Agoraphobia {rPois Will+
                  | Str-3}
 68985 | Depths:2 | Identified the staff of conjuration "Ewisyneo" {Int-4
                  | Dex+6}
 69293 | Depths:2 | Found a one-way gate leading to the halls of Pandemonium.
 69387 | Depths:2 | Noticed spardeous's illusion
 69469 | Depths:2 | Noticed spardeous's illusion
 69528 | Depths:2 | Killed Mara
 69622 | Depths:2 | Found a one-way gateway to a ziggurat.
 70843 | Depths:2 | Found the +16 obsidian axe {drain, demonic, Mesm Drain Fly
                  | SInv}
 71165 | Depths:3 | Found Kaehigi's Jewellery Emporium.
 71168 | Depths:3 | Found Istril's Book Shop.
 71169 | Depths:3 | Found Xuema's Jewellery Emporium.
 71181 | Depths:3 | Bought the ring "Oboudwat" {rC+ Dex+7} for 980 gold pieces
 71226 | Depths:3 | Reached skill level 1 in Axes
 71522 | Depths:3 | Reached skill level 15 in Spellcasting
 72455 | Depths:3 | Found Kaehigi's Jewellery Emporium.
 72644 | Depths:3 | Found Istril's Book Shop.
 72645 | Depths:3 | Found Xuema's Jewellery Emporium.
 72882 | Depths:4 | Entered Level 4 of the Depths
 72975 | Depths:3 | Reached skill level 11 in Earth Magic
 73172 | Depths:3 | Reached XP level 20. HP: 129/145 MP: 23/44
 73674 | Depths:3 | Reached skill level 12 in Earth Magic
 74588 | Depths:4 | Reached skill level 13 in Earth Magic
 74810 | Depths:4 | Found Unnydov's Assorted Antiques.
 74812 | Depths:4 | Found Qioffav's General Store.
 74812 | Depths:4 | Found Dann's Antique Weapon Boutique.
 74817 | Depths:4 | Bought a steaming steel ring for 255 gold pieces
 74817 | Depths:4 | Identified the ring "Jeatik" {Will+ MP+9} (You bought it in
                  | a shop on level 4 of the Depths)
 74817 | Depths:4 | Found Aluukkem's Antique Weapon Boutique.
 74964 | Depths:4 | Noticed a bone dragon
 74980 | Depths:4 | Killed a bone dragon
 75493 | Depths:4 | Found a gate to the Realm of Zot.
 75955 | Depths:4 | Found a gate to the Realm of Zot.
 76069 | Depths:4 | Found Unnydov's Assorted Antiques.
 76071 | Depths:4 | Found Qioffav's General Store.
 76071 | Depths:4 | Found Dann's Antique Weapon Boutique.
 76075 | Depths:4 | Found Aluukkem's Antique Weapon Boutique.
 76747 | D:12     | Bought a runed helmet for 202 gold pieces
 76747 | D:12     | Bought a glimmering leather armour for 189 gold pieces
 76747 | D:12     | Identified the +1 leather armour of the Heron {MP+9} (You
                  | bought it in a shop on level 12 of the Dungeon)
 76884 | Depths:4 | Bought a runed helmet for 382 gold pieces
 77018 | Vaults:1 | Entered Level 1 of the Vaults
 77216 | Vaults:1 | Reached skill level 14 in Earth Magic
 78133 | Vaults:1 | Identified the +4 longbow of the Telling Ancients {freeze,
                  | rN+}
 78863 | Vaults:1 | Reached skill level 15 in Earth Magic
 78894 | Vaults:1 | HP: 6/145 [yaktaur captain/bolt (32)]
 79298 | Vaults:1 | Found Gozag's Antique Armour Shop.
 79320 | Vaults:1 | Found Gozag's Antique Armour Shop.
 79328 | Vaults:1 | Found Gozag's Antique Weapon Boutique.
 79335 | Vaults:1 | Bought a crude helmet for 950 gold pieces
 79335 | Vaults:1 | Identified the +0 helmet "Tareicko" {Str+2 Int+5 Dex-4
                  | Stlth-} (You bought it in a shop on level 1 of the Vaults)
 79358 | Vaults:1 | Bought a glowing plate armour for 2600 gold pieces
 79994 | Vaults:2 | Reached skill level 16 in Earth Magic
 80064 | Vaults:2 | Got Bimufu's Tome of the Snowflakes
 80452 | Vaults:2 | Found Gezumul's Weapon Shop.
 80548 | Vaults:2 | Acquired a +2 tower shield of reflection
 80666 | Vaults:2 | Found Hicvon's Assorted Antiques.
 80685 | Vaults:2 | Reached XP level 21. HP: 152/152 MP: 9/46
 81178 | Vaults:2 | Found Gezumul's Weapon Shop.
 81390 | Vaults:2 | Found Hicvon's Assorted Antiques.
 82105 | Vaults:3 | Reached skill level 17 in Earth Magic
 82111 | Vaults:3 | Killed from afar by an ironbound thunderhulk

Illustrated notes

Levels and vault maps discovered:
D:1:      heliophobic_arrival_enchanted_forest, layout_rooms
D:2:      layout_basic, serial_park_tiny_1, minmay_misc_feat_columns
D:3:      layout_basic, mainiacjoe_overflow_catwalk,
          ebering_ghost_reflecting_pool, serial_glass, glass_columns_a,
          glass_columns_a, portal_sewer_entry_e, minmay_misc_feat_secret_circle,
          nicolae_kite_square_tiling_tiny, st_stairs_11
D:4:      cheibrodos_quashed, layout_cave_pools, mainiacjoe_overflow_24_doors,
          hangedman_ru_absence, mainiacjoe_overflow_cross_hatched,
          temple_pool_b, chequers_ossuary_entry_cave, uniq_edmund, uniq_duvessa,
          uniq_robin
D:5:      layout_loops_ring, uniq_prince_ribbit1
D:6:      minmay_evil_eye, layout_loops_corners, lemuel_coloured_pillars_altar
D:7:      layout_cave_pools, corexii_item_surrounded_by_moat,
          minmay_a_box_with_orc_wizards_in_it
D:8:      layout_basic, uniq_psyche
D:9:      layout_cave_pods, nicolae_sif_muna_little_library,
          grunt_lair_entry_orc_guard_hut
D:10:     layout_loops_ring, nicolae_ashenzari_skybound,
          nicolae_wu_jian_immortal_techniques, nicolae_vehumet_radiance,
          grunt_dithmenos_shadows, orc_david_3, serial_shops,
          nicolae_inconvenience_store, uniq_josephine
D:11:     layout_cross, gauntlet_entry_generic, serial_shops, shop,
          elyvilon_altar_3, uniq_fannar, uniq_urug
D:12:     layout_cave_pods, nicolae_wooded_promenade, columned_hall_lemuel,
          st_stairs_14, minmay_hedge_maze, nicolae_transmutations_shop,
          minmay_lindwurm_lava
D:13:     layout_basic, portal_ice_cave_entry_ice_simulacra, uniq_snorg
D:14:     layout_loops_ring, erik_vaults_1
D:15:     hangedman_depths_entry_civil_slaughter, layout_loops_ring,
          serial_bayou, serial_bayou_pond_a, serial_bayou_lagoon_a,
          serial_bayou_pond_d, serial_bayou_pond_e, serial_bayou_crossing,
          hangedman_decor_diamond_cutter,
          nicolae_gozag_cash_rules_everything_around_me
Lair:1:   layout_roguey, pond, infiniplex_staircase_pool
Lair:2:   layout_loops_ring, nicolae_spider_entry_lesser_pyramids,
          nicolae_lair_grove_arrangements, grunt_megastairs_4
Lair:3:   layout_chaotic_city, skrybe_swamp_entry_bodies, serial_bayou_shore_a
Lair:4:   onia_ninara_swampy_vault, layout_long_grid
Lair:5:   wormcave, layout_loops_ring, minmay_slime_entry_oklob_open,
          minivault_24, nicolae_lair_lil_pond
Swamp:1:  layout_basic_swamp, nicolae_swamp_decorative_isthmus, swamp_pool4,
          uniq_nikola, uniq_louise, uniq_roxanne
Swamp:2:  layout_basic_swamp, evilmike_swamp_ruin_house_3, uniq_aizul,
          uniq_kirke
Swamp:3:  layout_basic_swamp, evilmike_swamp_ruin_house_4, swamp_pool3
Swamp:4:  nzn_swamp_witches_coven, layout_basic_swamp, swamp_pool4
Spider:1: layout_cave_pods, drop_trap, nicolae_spider_rock_and_or_roll
Spider:2: layout_spider_delve
Spider:3: layout_spider_delve, hellmonk_deceptive_appearances
Spider:4: floodkiller_spider_rune_tomb
Orc:1:    layout_caves, nicolae_volcano_entry_hallway
Orc:2:    st_orc_congregation, layout_diamond_mine, nicolae_orc_crystal_geode,
          uniq_erolcha
Elf:1:    eino_elf_arrival_altar, layout_loops_corners, serial_shops, shop,
          shop, nicolae_shop_crystal, nicolae_shop_rolling_square,
          nicolae_diamond_shop, minivault_28
Elf:2:    nicolae_elf_blades_splatter_lattice
          [nicolae_blade_entry_hurt_lockers], layout_gridlike,
          nicolae_elf_martial_mastery
Vaults:1: nicolae_vaults_storage_room_water, nicolae_vaults_closet_pinwheel_6,
          vaults_mumra_chevron, kennysheep_vaults_gozag_temple,
          nicolae_vaults_trapezoid_layered, ontoclasm_vaults_chip,
          ontoclasm_vaults_idyll, v_misc_32,
          nicolae_vaults_door_testing_chamber, nicolae_vaults_what_the_h,
          vaults_standard_mumra_enter_the_diamond, vaults_room_pools,
          layout_vaults_omnibox
Vaults:2: nicolae_vaults_specimen_jars, nicolae_vaults_six-pack,
          nicolae_vaults_whirlpool_walls, v_misc_4, v_misc_33,
          nicolae_vaults_trapezoid_2, vaults_room_fours,
          dpeg_vaults_monster_box, nicolae_vaults_hallways_thing, v_pattern_2,
          ontoclasm_vaults_bender, nicolae_vaults_diamond_2, vaults_room_pool,
          nicolae_vaults_variable_pillar_hall, vaults_room_mumra_shop_pool,
          layout_vaults_ring, serial_shops, nicolae_shop_waterfront
Vaults:3: serial_ice_h, nicolae_vaults_surprise_closet, st_more_cells,
          nicolae_vaults_tetromino_T_1, vaults_room_semicircle,
          nicolae_vaults_apartment_2, nicolae_vaults_wrenched, v_pattern_3,
          ontoclasm_vaults_eye, nicolae_vaults_diamond_2,
          nicolae_vaults_circle_grid_b, layout_vaults_omnigrid,
          minmay_crypt_entry_simple_box
Depths:1: layout_gridlike, serial_shops, nicolae_shop_drivethru, abyss_entry,
          ebering_ghost_disaster_area, grunt_hell_entry_dis_grunt,
          roderic_roman_lattice, hex_large, grunt_ministairs_13,
          hangedman_decor_points, moated_statue, firewood_loft
Depths:2: minmay_the_grid_square_5x5_5x5 [minmay_the_grid_square_5x5_eight,
          minmay_the_grid_square_5x5_minibox,
          minmay_the_grid_square_5x5_one_wall,
          minmay_the_grid_square_5x5_two_walls_a,
          minmay_the_grid_square_5x5_hollow_slash,
          minmay_the_grid_square_5x5_six_small,
          minmay_the_grid_square_5x5_prize_snowflake,
          minmay_the_grid_square_5x5_six,
          minmay_the_grid_square_5x5_prize_deathbox,
          minmay_the_grid_square_5x5_longway, minmay_the_grid_square_5x5_two,
          minmay_the_grid_square_5x5_tie, minmay_the_grid_square_5x5_prize_open,
          minmay_the_grid_square_5x5_inner_v,
          minmay_the_grid_square_5x5_hourglass,
          minmay_the_grid_square_5x5_checkered,
          minmay_the_grid_square_5x5_prize_junk,
          minmay_the_grid_square_5x5_two_small,
          minmay_the_grid_square_5x5_prize_monsterx,
          minmay_the_grid_square_5x5_fancy_junction,
          minmay_the_grid_square_5x5_meh, minmay_the_grid_square_5x5_c,
          minmay_the_grid_square_5x5_two_walls_b,
          minmay_the_grid_square_5x5_mess, minmay_the_grid_square_5x5_inner_z],
          layout_cave_shapes, enter_ziggurat_c, hell_entry, pan_entry,
          hex_medium, minmay_misc_feat_x, grunt_guarded_unrand_obsidian_axe,
          uniq_mara, uniq_sojobo
Depths:3: nooodl_glass_maze, layout_basic, abyss_entry_crystal, hell_entry,
          abandoned_shop, nicolae_lava_and_water, kennysheep_generic_room_8,
          minmay_shop_grove, infiniplex_staircase_pillars_2
Depths:4: grunt_zot_entry_pinwheel, layout_cave_shapes,
          hellmonk_bongcloud_opening, minmay_room_of_horrors, hell_entry,
          pan_entry, minmay_shoptagon

Skill      XL: |  1  2  3  4  5  6  7  8  9 10 11 12 13 14 15 16 17 18 19 20 21 |
---------------+----------------------------------------------------------------+-----
Spellcasting   | 2 3 4 5 6 8 10 11 13 14 15 | 15.0
Conjurations   | 4 5 6 7 9 10 | 10.3
Translocations | 4 5 7 9 10 | 10.1
Armour         | 5 8 9 11 | 11.0
Fighting       | 6 9 10 | 10.4
Dodging        | 3 5 10 | 10.1
Shields        | 8 10 | 10.1
Earth Magic    | 6 7 10 11 16 17 | 17.0
Transmutations | 5 9 10 | 10.8
Necromancy     | 6 9 10 | 10.0
Maces & Flails | 7 10 12 | 12.2
Axes           | 1 |  1.0
Stealth        | |  1.7

Action                     |  1- 3 |  4- 6 |  7- 9 | 10-12 | 13-15 | 16-18 | 19-21 || total
---------------------------+-------+-------+-------+-------+-------+-------+-------++-------
  Melee: Unarmed           |    12 |       |       |       |       |       |       ||    12
         Punch             |     1 |       |       |     1 |       |       |       ||     2
         Dagger            |       |    29 |    39 |       |       |       |       ||    68
         Staff             |       |       |    16 |    27 |    28 |     7 |    24 ||   102
         Mace              |       |       |       |     8 |       |       |       ||     8
         Eveningstar       |       |       |       |       |       |    48 |    45 ||    93
   Cast: Magic Dart        |    46 |    93 |   112 |   118 |   351 |   836 |   616 ||  2172
         Searing Ray       |     5 |    11 |    81 |    10 |       |       |       ||   107
         Iskenderun's Myst |       |       |    62 |   226 |   462 |   640 |   555 ||  1945
         Iskenderun's Batt |       |       |       |    39 |   118 |   244 |   170 ||   571
         Fulminant Prism   |       |       |       |    12 |     9 |    23 |     9 ||    53
         Passwall          |       |       |       |       |     2 |       |       ||     2
         Borgnjor's Vile C |       |       |       |       |       |     9 |    39 ||    48
         Statue Form       |       |       |       |       |       |       |     3 ||     3
         Vhi's Electric Ch |       |       |       |       |       |       |     3 ||     3
         Iron Shot         |       |       |       |       |       |       |     1 ||     1
Ability: End Transformatio |       |       |       |       |       |       |     2 ||     2
  Evoke: Wand              |       |       |       |       |       |     5 |     4 ||     9
    Use: Potion            |     2 |     4 |     3 |     5 |       |     5 |     1 ||    20
         Scroll            |       |     4 |     6 |     9 |    11 |    20 |     7 ||    57
 Armour: Leather armour    |       |    12 |    33 |    43 |       |       |       ||    88
         Skin              |       |     1 |       |       |       |       |       ||     1
         Robe              |       |       |    66 |       |       |       |       ||    66
         Chain mail        |       |       |       |    23 |   139 |   252 |   202 ||   616
  Dodge: Dodged            |    25 |    36 |   135 |   111 |   108 |   343 |   265 ||  1023
  Block: Kite shield       |       |       |       |       |   155 |   368 |   273 ||   796
         Tower shield      |       |       |       |       |       |       |    44 ||    44
         Reflection        |       |       |       |       |       |       |     5 ||     5
